 Dungeon Crawl Stone Soup version 0.30-b1-2-g02819fbbbe (webtiles) character file.

Game seed: 12933985324499235083

135 MajorAdolf the Sneak (level 5, 0/73 HPs)
             Began as a Naga Wanderer on Dec 31, 2023.
             Slain by a gnoll
             ... wielding a +2 heavy flail
              (9 damage)
             ... on level 3 of the Dungeon.
             The game lasted 00:06:15 (2436 turns).

MajorAdolf the Sneak (Naga Wanderer)                Turns: 2436, Time: 00:06:15

Health: 0/73       AC: 22    Str: 15    XL:     5   Next: 18%
Magic:  1/6        EV:  1    Int: 22    God:
Gold:   138        SH:  0    Dex:  8    Spells: 4/6 levels left

rFire   . . .        t - +0 falchion (elec)
rCold   . . .        (no shield)
rNeg    . . .        e - melded +0 robe
rPois   +            (helmet currently unavailable)
rElec   .            (cloak currently unavailable)
rCorr   .            (gloves currently unavailable)
SInv    +            (no barding)
Will    .....        (no amulet)
Stlth   +++          s - +6 ring of intelligence
HPRegen 0.32/turn    (no ring)
MPRegen 0.10/turn

%: no passive effects
@: tree-form
A: stationary, stasis, torment immunity, boosted hp, AC +1, large, see
invisible, (deformed body), (poison resistance), (slowness 2), spit poison 1,
(naga tail 1)
a: Spit Poison


You were on level 3 of the Dungeon.
You were a tree.
You visited 1 branch of the dungeon, and saw 3 of its levels.

You collected 138 gold pieces.

Inventory:

Hand Weapons
 a - a +0 club
 g - a +0 sling
 h - a +0 dagger
 t - a +0 falchion of electrocution (weapon)
Armour
 e - a +0 robe (melded)
Magical Staves
 n - a staff of earth
 x - a staff of fire
Jewellery
 s - a +6 ring of intelligence (left branch)
 u - an amulet of reflection
Scrolls
 b - a scroll of summoning
 i - a scroll of vulnerability {unknown}
 j - 2 scrolls of enchant weapon {unknown}
 k - 2 scrolls of teleportation {unknown}
 l - a scroll of blinking {unknown}
 p - 3 scrolls of immolation {unknown}
 q - a scroll of acquirement {unknown}
 r - a scroll of brand weapon {unknown}
 v - a scroll of silence {unknown}
 w - a scroll of fear {unknown}
 y - a scroll of magic mapping {unknown}
Potions
 c - 3 potions of lignification
 d - a potion of haste
 f - a potion of invisibility
 m - a potion of berserk rage {unknown}
 o - a potion of brilliance {unknown}


   Skills:
 - Level 3.0 Fighting
 + Level 7.3 Stealth
 - Level 3.0 Unarmed Combat
 - Level 1.0 Spellcasting
 - Level 3.0 Conjurations


You had 4 spell levels left.
You knew the following spells:

 Your Spells              Type           Power      Damage    Failure   Level
a - Searing Ray           Conj           28%        2d5       7%          2

Your spell library contained the following spells:

 Spells                   Type           Power      Damage    Failure   Level
 Momentum Strike          Conj/Tloc      14%        3d8       12%         2
 Freeze                   Ice            4%         1d3       16%         1
 Cigotuvi's Dreadful Rot  Necr/Pois/Air  2%         N/A       22%         2
 Hailstorm                Conj/Ice       7%         3d4       24%         3
 Frozen Ramparts          Ice            2%         1d1       41%         3
 Dispel Undead            Necr           1%         3d6       83%         4
 Death Channel            Necr           0%         N/A       100%        6


Dungeon Overview and Level Annotations

Branches:
Dungeon (3/15)

Altars:


Innate Abilities, Weirdness & Mutations

You are a tree.
Your roots penetrate the ground, keeping you stationary.
You cannot be teleported.
You are immune to unholy pain and torment.
Your maximum health is greatly increased.
Your equipment is partially melded.
((Your serpentine skin is tough. (AC +1)))
You have supernaturally acute eyesight. (SInv)
((Armour fits poorly on your strangely shaped body.))
((Your system is resistant to poisons. (rPois)))
((You cover ground very slowly.))
You can spit poison.
((You have a snake-like lower body.))


Message History

The searing ray hits the gnoll.
The gnoll is moderately wounded.
The searing ray hits the gnoll.
The gnoll is moderately wounded. (Press . to maintain the ray.)
You have got your breath back.
The gnoll hits you with a +0 club.
Casting: Searing Ray (safe; 7% risk of failure)
Confirm with . or Enter, or press ? or * to list all spells.
Restarting spell: Searing Ray (safe; 7% risk of failure)
Press: ? - help, Shift-Dir - straight line, f/p - gnoll
Aim: a gnoll, wielding a +0 flail (moderately wounded, 79% to hit)
The searing ray hits the gnoll!
You kill the gnoll!
The searing ray hits the gnoll.
The gnoll is heavily wounded.
The searing ray hits the gnoll!
The gnoll is almost dead. (Press . to maintain the ray.)
The gnoll throws a throwing net.
The throwing net hits you.
You become entangled in the net!
You tear a large gash into the net.
You struggle against the net.
The gnoll hits you with a +2 heavy flail!
* * * LOW HITPOINT WARNING * * *
You struggle against the net.
Unknown command.
You rip the net and break free!
The gnoll hits you with a +2 heavy flail.
* * * LOW HITPOINT WARNING * * *
Really quaff the potion of lignification?
You turn into a tree.
Your +0 robe melds into your body.
Your roots penetrate the ground.
The gnoll hits you with a +2 heavy flail!
* * * LOW HITPOINT WARNING * * *
Unknown command.
You hit the gnoll.
The gnoll is severely wounded.
The gnoll hits you with a +2 heavy flail!
You die...

### ###### #..
[... #.# #..#
#.####..####
#g#........
#g#.##..########
#♣#.............
#.?.###......###
#.#.# #......#
#.#.# #......#
#.#.# ##.....#
#.#.#
#.....#####
#.#.#
#.....'....
#>...#
#.....####.
#..### #.....#


You could see 2 gnolls.

Vanquished Creatures
  Terence (D:2)
  6 gnolls
  An adder (D:2)
  A dart slug (D:1)
  5 bats
  2 endoplasms
  2 giant cockroaches (D:1)
  5 goblins
  4 hobgoblins
  2 jackals (D:2)
  2 quokkas
  3 ball pythons (D:1)
  2 frilled lizards
  3 kobolds
  4 rats
43 creatures vanquished.

Notes
Turn   | Place    | Note
-------+----------+-------------------------------------------
     0 | D:1      | MajorAdolf the Naga Wanderer began the quest for the Orb.
     0 | D:1      | MajorAdolf set off with the following items: a +0 club, a
                  | scroll of summoning, a potion of lignification, a potion of
                  | haste, a +0 robe, a potion of invisibility; and the
                  | following spells available to memorise: Searing Ray,
                  | Momentum Strike.
     0 | D:1      | Reached XP level 1. HP: 21/21 MP: 2/2
   148 | D:1      | Reached skill level 1 in Stealth
   163 | D:1      | Reached skill level 2 in Stealth
   200 | D:1      | Reached XP level 2. HP: 28/28 MP: 3/3
   296 | D:1      | Reached skill level 3 in Stealth
   451 | D:1      | Found a faded altar of an unknown god.
  1014 | D:2      | Learned a level 2 spell: Searing Ray
  1058 | D:2      | Reached skill level 4 in Stealth
  1058 | D:2      | Reached XP level 3. HP: 31/34 MP: 4/4
  1507 | D:2      | Reached skill level 5 in Stealth
  1565 | D:2      | Reached XP level 4. HP: 42/42 MP: 0/5
  1774 | D:2      | Noticed Terence
  1784 | D:2      | Killed Terence
  1785 | D:2      | Reached skill level 6 in Stealth
  2381 | D:3      | Reached skill level 7 in Stealth
  2381 | D:3      | Reached XP level 5. HP: 46/49 MP: 6/6
  2436 | D:3      | Slain by a gnoll

Illustrated notes

Levels and vault maps discovered:
D:1:      nzn_arrival_crosshair, layout_basic,
          dreamdust_ecumenical_altar_hidden_monk_grotto
D:2:      layout_basic, uniq_terence
D:3:      layout_basic, nicolae_qazlal_general_emergency

Skill      XL: |  1  2  3  4 |
---------------+-------------+-----
Stealth        | 2 4 5 7 |  7.3
Fighting       | |  3.0
Unarmed Combat | |  3.0
Spellcasting   | |  1.0
Conjurations   | |  3.0

Action                     |  1- 3 |  4- 6 || total
---------------------------+-------+-------++-------
  Melee: Dagger            |    67 |       ||    67
         Punch             |     2 |     2 ||     4
         Falchion          |       |    57 ||    57
   Cast: Searing Ray       |     2 |     5 ||     7
Ability: Spit Poison       |    26 |     7 ||    33
    Use: Potion            |       |     1 ||     1
   Stab: Sleeping          |     1 |     4 ||     5
 Armour: Robe              |    12 |    19 ||    31
  Dodge: Dodged            |    35 |    38 ||    73
